 Dungeon Crawl Stone Soup version 0.21.1-1-g345015fe64 (webtiles) character file.

8220 Lavandula the Cleaver (level 11, -1/80 HPs)
             Began as a Barachi Earth Elementalist on July 25, 2018.
             Was a High Priest of Cheibriados.
             Slain by a red devil
             ... wielding a +0 trident
             ... summoned by an orc sorcerer
              (14 damage)
             ... while paralysed by an orc sorcerer
             ... on level 1 of the Orcish Mines on July 26, 2018.
             The game lasted 00:32:29 (5079 turns).

Lavandula the Cleaver (Barachi Earth Elementalist)  Turns: 5079, Time: 00:32:30

Health: -1/80      AC:  9    Str: 22    XL:     11   Next: 27%
Magic:  17/19      EV:  2    Int: 31    God:    Cheibriados [*****.]
Gold:   488        SH:  0    Dex: 24    Spells: 8/21 levels left

rFire    . . .     SeeInvis .   c - +0 war axe (drain)
rCold    . . .     Gourm    .   (no shield)
rNeg     . . .     Faith    .   M - +0 troll leather armour
rPois    .         Spirit   .   u - +0 helmet
rElec    .         Reflect  .   (no cloak)
rCorr    .         Harm     .   i - +1 pair of gloves
MR       .....                  (no boots)
Stlth    ++........             (no amulet)
HPRegen  0.63/turn              D - ring of flight
MPRegen  0.16/turn              (no ring)

@: paralysed, very slow
A: +LOS, swims, slowness 1, strong legs 1
a: Hop, Bend Time, Temporal Distortion, Slouch, Step From Time, Renounce
Religion, Evoke Flight


You were on level 1 of the Orcish Mines.
You worshipped Cheibriados.
Cheibriados was extremely pleased with you.
You were not hungry.

You visited 3 branches of the dungeon, and saw 12 of its levels.

You collected 753 gold pieces.
You spent 265 gold pieces at shops.

Inventory:

Hand Weapons
 c - a +0 war axe of draining (weapon)
 h - a +0 dagger
 m - a +2 dagger of holy wrath
 A - a +0 falchion
 B - a +3 spear of venom
 J - a +1 war axe of chopping
Missiles
 b - 114 stones (quivered)
Armour
 i - a +1 pair of gloves (worn)
 u - a +0 helmet (worn)
 v - a +0 ring mail
 x - a +0 buckler
 K - a +0 chain mail
 M - a +0 troll leather armour (worn)
Jewellery
 D - a ring of flight (left hand)
Wands
 a - a wand of scattershot (4)
 H - a wand of disintegration (16)
 I - a wand of flame (97)
Scrolls
 g - 4 scrolls of fog
 k - a scroll of holy word {unknown}
 l - 4 scrolls of remove curse
 s - a scroll of magic mapping
 t - a scroll of acquirement {unknown}
 y - a scroll of fear
 C - 4 scrolls of teleportation
 G - a scroll of immolation {unknown}
 L - a scroll of enchant weapon {unknown}
Potions
 f - a potion of brilliance {unknown}
 j - 3 potions of curing
 n - a potion of resistance
 o - a potion of mutation {unknown}
 p - 2 potions of lignification {unknown}
 q - 2 potions of invisibility {unknown}
 r - 3 potions of heal wounds
 w - 3 potions of flight {unknown}
 z - a potion of magic {unknown}
 E - 2 potions of degeneration {unknown}
 F - 2 potions of might
Books
 e - a book of Geomancy

   Spells                             Type                      Level
   a - Sandblast                      Earth                        1
   b - Passwall                       Transmutation/Earth          2
   c - Stone Arrow                    Conjuration/Earth            3
   d - Petrify                        Transmutation/Earth          4
   e - Lee's Rapid Deconstruction     Earth                        5
Comestibles
 d - 10 rations
 N - 5 chunks of flesh


   Skills:
 + Level 5.2 Fighting
 - Level 10.2(10.4) Axes
 - Level 3.0(6.7) Polearms
 - Level 8.8 Armour
 - Level 6.2 Dodging
 - Level 1.7 Stealth
 - Level 5.8 Spellcasting
 - Level 1.1 Transmutations
 - Level 8.5 Earth Magic


You had 8 spell levels left.
You knew the following spells:

 Your Spells              Type           Power        Failure   Level  Hunger
a - Sandblast             Erth           ######       1%          1    None
b - Stone Arrow           Conj/Erth      #####.       2%          3    None
c - Petrify               Tmut/Erth      #####...     8%          4    ###....
d - Lee's Rapid Deconstr  Erth           ######....   4%          5    #####..


Dungeon Overview and Level Annotations

Branches:
Dungeon (10/15)            Temple (1/1) D:4            Lair (0/6) D:9
    Orc (1/2) D:9

Altars:
Cheibriados
Elyvilon
Fedhas
Gozag
Hepliaklqana
Kikubaaqudgha
Makhleb
Okawaru
Ru
Sif Muna
Uskayaw
Wu Jian
The Shining One

Shops:
D:4 [   D:6 (%!%(

Annotations:
D:7 1 runed door, Joseph


Innate Abilities, Weirdness & Mutations

Shadows flee at your approach. (+LOS)
You can swim through water.
You cover ground slowly.
You can hop short distances.


Message History

The bolt of fire hits you! The red devil misses you.
Casting: Sandblast
Confirm with . or Enter, or press ? or * to list all spells.
Aiming: Sandblast
Press: ? - help, Shift-Dir - straight line, f/p - orc sorcerer
Aim: an orc sorcerer, wielding a dagger and wearing a robe (heavily wounded)
The blast of sand hits the orc sorcerer.
The orc sorcerer is almost dead.
b - 114 stones The orc sorcerer shouts, "You are history!"
The orc sorcerer casts a spell at you.
You suddenly lose the ability to move!
The red devil hits you from afar with a trident!
The orc sorcerer hits you but does no damage.
The red devil hits you from afar with a trident!
The orc sorcerer casts a spell at you.
Helpless, you fail to dodge the bolt of fire.
* * * LOW HITPOINT WARNING * * *
The red devil hits you from afar with a trident!
You die...

...................##
....................##
..#.#......#.##...<..##
..........#..####.....#
..............#.#.....#
.....>...............##
....................##
.......o.#...........# #
.$....4.@#)..........#..#
#.........)).............
.#..........#......#.#..#
#.#..........#.....#...#
...................###.##
...#.#......#....### ##
.# ##.......#....#
#............##
..........#....#


You could see an orc sorcerer and a red devil.

Vanquished Creatures
  Erolcha (D:9)
  2 two-headed ogres (D:8)
  A troll (D:9)
  A hippogriff (D:7)
  A wraith (D:7)
  A soldier ant (D:7)
  A black bear (D:7)
  6 sky beasts
  A hornet zombie (D:9)
  6 orc warriors
  4 necrophages
  An ice beast (D:7)
  2 phantoms (D:9)
  14 ogres
  2 centaurs (D:8)
  An elf zombie (D:7)
  A big kobold (D:8)
  4 bullfrogs
  3 scorpions
  5 wights (D:7)
  A centaur zombie (D:7)
  A jelly (D:6)
  A bullfrog zombie (D:9)
  2 crimson imps
  A quasit (D:9)
  3 hounds
  6 orc priests
  A gnoll shaman (D:6)
  2 human zombies (D:7)
  A centaur skeleton (D:8)
  A human skeleton (D:7)
  8 orc wizards
  15 worker ants
  7 iguanas
  3 gnolls (D:6)
  9 adders
  3 oozes
  2 adder skeletons
  3 worms
  49 orcs
  5 bats
  8 giant cockroaches
  11 goblins
  7 hobgoblins
  12 jackals
  4 quokkas
  4 frilled lizards
  6 kobolds
  A leopard gecko skeleton (D:8)
  An orc zombie (D:7)
  A quokka skeleton (D:6)
  3 rats
  A butterfly (D:7)
  A plant (D:8)
242 creatures vanquished.

Notes
Turn   | Place    | Note
-------+----------+-------------------------------------------
     0 | D:1      | Lavandula the Barachi Earth Elementalist began the quest for the Orb.
     0 | D:1      | Reached XP level 1. HP: 13/13 MP: 3/3
   144 | D:1      | Reached XP level 2. HP: 19/19 MP: 2/5
   354 | D:2      | Reached XP level 3. HP: 13/24 MP: 4/8
   430 | D:2      | Learned a level 3 spell: Stone Arrow
   708 | D:4      | Reached XP level 4. HP: 18/30 MP: 5/10
   716 | D:3      | Learned a level 4 spell: Petrify
   728 | D:3      | Found a blossoming altar of Fedhas.
   730 | D:3      | Found an ancient bone altar of Kikubaaqudgha.
   765 | D:3      | Found a glowing golden altar of the Shining One.
  1044 | D:4      | Reached XP level 5. HP: 35/35 MP: 7/11
  1060 | D:4      | Reached skill level 5 in Earth Magic
  1075 | D:4      | Found Iluaphal's Antique Armour Boutique.
  1093 | D:4      | Reached XP level 6. HP: 15/41 MP: 3/12
  1208 | D:5      | Entered Level 5 of the Dungeon
  1210 | D:5      | Noticed a sky beast
  1220 | D:4      | Learned a level 5 spell: Lee's Rapid Deconstruction
  1247 | D:4      | Found a staircase to the Ecumenical Temple.
  1254 | Temple   | Entered the Ecumenical Temple
  1275 | Temple   | Became a worshipper of Cheibriados the Contemplative
  1372 | D:4      | Reached skill level 1 in Polearms
  1440 | D:5      | Reached XP level 7. HP: 37/46 MP: 8/14
  1502 | D:5      | Reached skill level 5 in Spellcasting
  1542 | D:6      | Found Taqahosa's Food Shoppe.
  1675 | D:6      | Reached XP level 8. HP: 42/52 MP: 11/16
  1719 | D:6      | Found Bounous's Antique Weapon Shoppe.
  1722 | D:6      | Found Wenaz's Food Emporium.
  1760 | D:6      | Reached * piety under Cheibriados
  1806 | D:6      | Found Asomp's Distillery.
  1980 | D:6      | Found Heumilukk's Weapon Shop.
  2437 | D:6      | Bought a glowing war axe for 188 gold pieces
  2492 | D:7      | Reached ** piety under Cheibriados
  2492 | D:7      | Reached skill level 1 in Axes
  2498 | D:7      | Noticed a hippogriff
  2509 | D:7      | Killed a hippogriff
  2509 | D:7      | Reached skill level 3 in Axes
  2524 | D:7      | Found a hide-covered altar of Uskayaw.
  2530 | D:7      | Reached skill level 4 in Axes
  2597 | D:7      | Reached skill level 5 in Axes
  2597 | D:7      | Reached XP level 9. HP: 46/57 MP: 8/17
  2634 | D:7      | Reached skill level 6 in Axes
  2723 | D:7      | Reached skill level 7 in Axes
  2732 | D:7      | Found an ancient bone altar of Kikubaaqudgha.
  2763 | D:7      | Reached skill level 8 in Axes
  3006 | D:7      | Found a runed door.
  3025 | D:7      | Found a runed door.
  3082 | D:7      | Reached skill level 9 in Axes
  3087 | D:7      | Reached *** piety under Cheibriados
  3215 | D:7      | Reached skill level 10 in Axes
  3215 | D:7      | Reached XP level 10. HP: 46/63 MP: 12/18
  3273 | D:7      | Noticed Joseph
  3279 | D:7      | HP: 1/63 [Joseph/sling bullet (5)]
  3432 | D:6      | Bought a potion of curing for 33 gold pieces
  3432 | D:6      | Bought a potion of might for 44 gold pieces
  3640 | D:8      | Reached skill level 1 in Fighting
  3641 | D:8      | Noticed a two-headed ogre
  3649 | D:8      | Killed a two-headed ogre
  3649 | D:8      | Reached skill level 5 in Fighting
  3693 | D:8      | Found a hazy altar of Hepliaklqana.
  3770 | D:8      | Noticed a two-headed ogre
  3779 | D:8      | Killed a two-headed ogre
  3779 | D:8      | Reached skill level 5 in Dodging
  3810 | D:8      | Reached **** piety under Cheibriados
  3829 | D:8      | Found a burning altar of Makhleb.
  3831 | D:8      | Noticed a balrug
  3836 | D:8      | Noticed an orange demon
  3938 | D:8      | Reached skill level 1 in Armour
  4195 | D:8      | Found a sacrificial altar of Ru.
  4232 | D:9      | Found a staircase to the Lair.
  4391 | D:9      | Reached skill level 5 in Armour
  4401 | D:10     | Entered Level 10 of the Dungeon
  4450 | D:9      | Noticed Erolcha
  4456 | D:9      | Killed Erolcha
  4456 | D:9      | Reached XP level 11. HP: 65/79 MP: 7/19
  4476 | D:9      | Reached ***** piety under Cheibriados
  4863 | D:9      | Found a staircase to the Orcish Mines.
  4883 | Orc:1    | Entered Level 1 of the Orcish Mines
  5056 | Orc:1    | Noticed an orc sorcerer
  5076 | Orc:1    | Paralysed by an orc sorcerer for 7 turns
  5079 | Orc:1    | Slain by a red devil

Skill      XL: |  1  2  3  4  5  6  7  8  9 10 11 |
---------------+----------------------------------+-----
Spellcasting   | 3 4 5 |  5.8
Earth Magic    | 4 5 6 8 |  8.5
Polearms       | 3 |  3.0
Axes           | 5 10 | 10.2
Fighting       | 5 |  5.2
Dodging        | 6 |  6.2
Armour         | 7 8 |  8.8
Stealth        | |  1.7
Transmutations | |  1.1

Action                   |  1- 3 |  4- 6 |  7- 9 | 10-12 || total
-------------------------+-------+-------+-------+-------++-------
Melee: Dagger            |    53 |    22 |       |       ||    75
       Spear             |       |    41 |    83 |       ||   124
       War axe           |       |       |    57 |   161 ||   218
 Cast: Sandblast         |    42 |    34 |    52 |    38 ||   166
       Stone Arrow       |     4 |     7 |    23 |    19 ||    53
       Lee's Rapid Decon |       |       |     7 |     8 ||    15
 Abil: Hop               |     1 |     2 |     3 |     5 ||    11
Evoke: Wand              |       |       |     3 |     7 ||    10
  Use: Scroll            |       |     2 |     7 |     2 ||    11
       Potion            |       |       |       |     2 ||     2
 Stab: Sleeping          |     4 |     2 |     1 |       ||     7
  Eat: Chunk             |       |     4 |     6 |     3 ||    13
       Ration            |       |       |       |     1 ||     1
Armor: Robe              |    20 |    22 |    25 |     7 ||    74
       Ring mail         |       |       |       |    43 ||    43
       Troll leather arm |       |       |       |     2 ||     2
Dodge: Dodged            |    45 |    48 |    67 |   150 ||   310
